 Dungeon Crawl Stone Soup version 0.21-a0-509-gecc5317 (webtiles) character file.

487 slep the Chopper (level 6, -5/56 HPs)
             Began as a Minotaur Fighter on Nov 30, 2017.
             Slain by Duvessa
             ... wielding a +0 rapier
              (8 damage)
             ... on level 5 of the Dungeon.
             The game lasted 00:10:27 (2596 turns).

slep the Chopper (Minotaur Fighter)                 Turns: 2596, Time: 00:10:27

Health: -5/56      AC:  7    Str: 21    XL:     6   Next: 89%
Magic:  5/5        EV:  8    Int:  5    God:
Gold:   228        SH: 10    Dex: 11    Spells: 5/5 levels left

rFire    . . .     SeeInvis .   a - +0 war axe
rCold    . . .     Gourm    .   c - +0 shield
rNeg     + . .     Faith    .   b - +0 scale mail
rPois    .         Spirit   .   (helmet restricted)
rElec    .         Reflect  .   (no cloak)
rCorr    .         Harm     .   (no gloves)
MR       .....                  (no boots)
Stlth    ..........             (no amulet)
HPRegen  0.18/turn              i - ring of positive energy
MPRegen  0.09/turn              (no ring)

@: no status effects
A: retaliatory headbutt, horns 2
a: no special abilities


You were on level 5 of the Dungeon.
You were not hungry.

You visited 1 branch of the dungeon, and saw 5 of its levels.

You collected 228 gold pieces.

Inventory:

Hand Weapons
 a - a +0 war axe (weapon)
 A - a +0 mace of holy wrath
Missiles
 u - 55 poisoned needles
 v - 3 needles of sleeping
Armour
 b - a +0 scale mail (worn)
 c - a +0 shield (worn)
Jewellery
 i - a ring of positive energy (left hand)
Wands
 w - a wand of iceblast (15)
Scrolls
 e - 3 scrolls of identify {unknown}
 g - a scroll of random uselessness {unknown}
 k - a scroll of blinking {unknown}
 o - 2 scrolls of remove curse {unknown}
 q - a scroll of teleportation {unknown}
 r - 3 scrolls of amnesia {unknown}
 t - a scroll of enchant weapon {unknown}
 y - 2 scrolls of immolation {unknown}
 z - a scroll of magic mapping {unknown}
Potions
 d - a potion of might
 h - a potion of curing
 j - 2 potions of invisibility {unknown}
 l - a potion of cancellation {unknown}
 m - 2 potions of flight {unknown}
 n - a potion of berserk rage {unknown}
 p - a potion of degeneration {unknown}
 B - a potion of agility {unknown}
Comestibles
 f - 2 bread rations
 s - 2 meat rations
 x - a royal jelly
 C - a chunk of flesh


   Skills:
 + Level 5.0 Fighting
 + Level 6.0 Axes
 + Level 5.0 Armour
 + Level 1.9 Dodging
 + Level 5.1 Shields


You had 5 spell levels left.
You didn't know any spells.

Dungeon Overview and Level Annotations

Branches:
Dungeon (5/15)
 Temple: D:4-7

Altars:
Fedhas
Makhleb
Xom

Shops:
D:5 }

Annotations:
D:5 Dowan, Duvessa


Innate Abilities, Weirdness & Mutations

You reflexively headbutt those who attack you in melee.
You have a pair of horns on your head.


Message History

Duvessa hits you with a rapier.
* * * LOW HITPOINT WARNING * * *
You closely miss Duvessa.
Duvessa is heavily wounded.
You hit Dowan but do no damage.
Dowan points at you and mumbles some strange words.
The puff of flame hits you!
* * * LOW HITPOINT WARNING * * *
Duvessa misses you. You block Dowan's attack. You block Duvessa's attack.
You hit Dowan.
Dowan is moderately wounded.
Your shield and scale mail prevent you from hitting Duvessa.
Dowan zaps a wand.
You block the puff of flame. Duvessa hits you with a rapier.
* * * LOW HITPOINT WARNING * * *
Dowan says, "My weaknesses are her strengths!"
Dowan hits you but does no damage.
You hit Dowan. Your headbutt misses Dowan.
Dowan is heavily wounded.
You hit Duvessa but do no damage. Duvessa hits you with a rapier!
You die...

###### #....#
#....#
######....#
..........#
......e...###..
.......@e......
..........#####
.......∩..#
######....#
#....#####
#...$.....
#.######## #.#
#.#


You could see Duvessa and Dowan.

Vanquished Creatures
  A bullfrog (D:4)
  A howler monkey (D:4)
  A crimson imp (D:3)
  A jelly (D:3)
  A hound (D:3)
  An orc wizard (D:4)
  A worker ant (D:4)
  6 adders
  13 oozes
  2 worms (D:2)
  5 dart slugs
  4 leopard geckos
  9 orcs
  4 giant cockroaches
  10 goblins
  4 hobgoblins
  3 jackals
  17 kobolds
  A quokka (D:3)
  2 ball pythons
  9 bats
  11 frilled lizards
  10 rats
117 creatures vanquished.

Vanquished Creatures (others)
  8 fungi (D:3)
  7 toadstools (D:3)
15 creatures vanquished.

Grand Total: 132 creatures vanquished

Notes
Turn   | Place    | Note
-------+----------+-------------------------------------------
     0 | D:1      | slep the Minotaur Fighter began the quest for the Orb.
     0 | D:1      | Reached XP level 1. HP: 19/19 MP: 0/0
   149 | D:1      | Reached XP level 2. HP: 25/27 MP: 1/1
   321 | D:1      | Reached XP level 3. HP: 30/33 MP: 2/2
   330 | D:1      | Reached skill level 3 in Axes
   848 | D:2      | Reached skill level 1 in Dodging
   848 | D:2      | Reached XP level 4. HP: 36/40 MP: 3/3
  1042 | D:2      | Reached skill level 4 in Axes
  1419 | D:3      | Found a burning altar of Makhleb.
  1419 | D:3      | Found a shimmering altar of Xom.
  1431 | D:3      | Reached XP level 5. HP: 46/46 MP: 4/4
  1590 | D:3      | Reached skill level 5 in Axes
  1633 | D:3      | Found a blossoming altar of Fedhas.
  1670 | D:3      | Reached XP level 6. HP: 37/53 MP: 5/5
  2213 | D:4      | Reached skill level 5 in Fighting
  2213 | D:4      | Reached skill level 5 in Shields
  2256 | D:4      | Reached skill level 6 in Axes
  2258 | D:4      | Reached skill level 5 in Armour
  2292 | D:5      | Entered Level 5 of the Dungeon
  2574 | D:5      | Found Juppeuki's Gadget Shop.
  2580 | D:5      | Noticed Duvessa
  2580 | D:5      | Noticed Dowan
  2595 | D:5      | HP: 2/56 [Duvessa/rapier (1)]
  2596 | D:5      | Slain by Duvessa

Vault maps used:
D:1:      elethiomel_arrival_infinity_welcomes_careful_drivers
D:3:      cheibrodos_fertilizer, grunt_temple_overflow_champion_of_chaos,
          kennysheep_nondescript, fedhas_altar_1
D:4:      old_standard_altar, minmay_temple_entry_overgrown, minivault_25
D:5:      nemelex_xobeh_ov_fountains_minmay, eat_drink_and_be_merry_uskayaw,
          first_bread, serial_shops, shop_fountains, shop,
          minmay_misc_feat_plants, uniq_blork_the_orc, uniq_duvessa, uniq_pikel

Skill      XL: |  1  2  3  4  5  6 |
---------------+-------------------+-----
Shields        | 4 5 |  5.1
Fighting       | 4 5 |  5.0
Armour         | 4 5 |  5.0
Axes           | 3 4 5 6 |  6.0
Dodging        | 1 |  1.9

Action                   |  1- 3 |  4- 6 || total
-------------------------+-------+-------++-------
Melee: War axe           |   116 |   176 ||   292
       Headbutt          |     7 |    29 ||    36
  Use: Potion            |       |     1 ||     1
  Eat: Chunk             |       |     6 ||     6
Armor: Scale mail        |    63 |    67 ||   130
Dodge: Dodged            |    35 |    70 ||   105
Block: Shield            |    66 |    86 ||   152

Table legend:
 A = Spawn XP
 B = Non-spawn XP
 C = Spawn XP percentage of total XP
 D = Spawn monster count
 E = Non-spawn monster count
 F = Spawn count percentage of total count
 G = Total turns spent on level
                    A         B        C        D         E        F      G
               +---------+---------+-------+---------+---------+-------+---------
         Total |       0 |     696 |   0.0 |       0 |     117 |   0.0 |  2596
               +---------+---------+-------+---------+---------+-------+---------
           D:1 |       0 |      63 |   0.0 |       0 |      34 |   0.0 |   629
           D:2 |       0 |      99 |   0.0 |       0 |      29 |   0.0 |   713
           D:3 |       0 |     270 |   0.0 |       0 |      38 |   0.0 |   724
           D:4 |       0 |     252 |   0.0 |       0 |      12 |   0.0 |   226
           D:5 |       0 |      12 |   0.0 |       0 |       4 |   0.0 |   304
               +---------+---------+-------+---------+---------+-------+---------
